Map: Berlingrado LE

Players

jjss - Winner!

  • Race: Protoss Protoss
  • League: Silver
  • Spawn Location: 5:00

Jillzera

  • Race: Terran Terran
  • League: Silver
  • Spawn Location: 11:00

VOD

Have the link to the VOD?

Description

Protoss chato que ficou me enchendo o saco com as navinha

Time

  • Played on: June 8, 2022, 9:19 p.m.
  • Length: 11:07
Show
View Real Time Build Order
Export as new Build Order

jjss Protoss - Winner!

Build Orders:  

Get SALT Encoding   

  12  0:02  Probe (Chrono Boost)  
  13  0:11  Probe (Chrono Boost)  
  14  0:16  Probe (Chrono Boost)  
  15  0:28  Pylon  
  15  0:51  Gateway  
  15  0:55  Forge  
  15  0:59  Probe (Chrono Boost)  
  16  1:04  Pylon  
  17  1:11  Probe (Chrono Boost)  
  17  1:14  Assimilator  
  17  1:18  Probe (Chrono Boost)  
  18  1:20  Assimilator  
  18  1:27  Probe  
  19  1:47  Cybernetics Core  
  19  1:50  Zealot  
  21  1:58  Photon Cannon  
  21  2:01  Probe (Chrono Boost)  
  22  2:13  Probe (Chrono Boost)  
  23  2:21  Probe (Chrono Boost)  
  24  2:31  Pylon  
  24  2:34  Probe  
  25  2:43  Nexus  
  25  2:59  Stargate  
  25  3:05  Stargate  
  25  3:15  Photon Cannon  
  25  3:35  Photon Cannon  
  25  3:47  Assimilator  
  29  4:01  Void Ray  
  33  4:07  Void Ray  
  33  4:15  Probe (Chrono Boost)  
  34  4:17  Pylon  
  35  4:25  Probe (Chrono Boost)  
  35  4:38  Robotics Facility  
  36  4:41  Probe (Chrono Boost)  
  40  4:53  Void Ray  
  40  4:59  Photon Cannon  
  40  5:27  Observer  
  45  5:37  Void Ray (Chrono Boost), Protoss Air Weapons Level 1  
  45  5:40  Void Ray (Chrono Boost)  
  49  6:22  Photon Cannon  
  49  6:30  Photon Cannon  
  53  6:38  Void Ray  
  57  6:40  Void Ray  
  61  7:21  Void Ray  
  61  7:37  Void Ray  
  61  8:58  Pylon  
  61  9:02  Pylon  
  69  9:22  Void Ray x2  
  72  10:05  Void Ray  
  68  10:20  Void Ray  
Show
View Real Time Build Order
Export as new Build Order

Jillzera Terran 

Build Orders:  

Get SALT Encoding   

  12  0:00  SCV  
  13  0:12  SCV  
  14  0:19  Supply Depot  
  14  0:25  SCV  
  15  0:32  Refinery  
  15  0:41  SCV  
  16  0:47  Barracks  
  16  0:53  SCV  
  17  1:06  Supply Depot  
  17  1:12  SCV  
  18  1:19  Barracks  
  18  1:25  Barracks  
  18  1:30  SCV  
  19  1:45  Barracks Reactor  
  19  1:48  Orbital Command  
  19  2:10  Barracks Tech Lab  
  19  2:13  Barracks Tech Lab  
  19  2:23  Refinery  
  19  2:24  SCV  
  20  2:36  SCV  
  21  2:39  Supply Depot  
  21  2:48  SCV  
  22  3:02  Marine x2  
  22  3:03  Supply Depot, Marauder  
  22  3:04  Marauder  
  28  3:07  Combat Shield  
  28  3:21  Engineering Bay  
  28  3:23  SCV  
  28  3:25  Supply Depot  
  29  3:29  Stimpack  
  29  3:35  SCV  
  29  3:36  Marine x2  
  29  3:37  Marine x2  
  34  3:47  SCV  
  35  3:54  Factory  
  35  3:58  Supply Depot  
  35  4:01  SCV  
  36  4:20  Supply Depot  
  36  4:26  Concussive Shells  
  36  4:42  Supply Depot  
  36  4:44  Command Center  
  36  4:48  Marine x2  
  36  4:49  Marine x2  
  40  4:58  Factory Reactor, Starport  
  40  5:05  Supply Depot  
  39  5:07  Marauder  
  39  5:08  Terran Infantry Armor Level 1, Marauder  
  43  5:15  Engineering Bay  
  43  5:18  Marine  
  43  5:19  Marine  
  45  5:24  SCV  
  45  5:27  Supply Depot  
  45  5:28  Marine x2  
  48  5:36  SCV  
  49  5:51  Supply Depot  
  49  5:52  Factory Tech Lab  
  49  5:53  Marine x2  
  49  5:54  Marine x2  
  53  6:02  Orbital Command  
  53  6:07  Terran Infantry Weapons Level 1  
  53  6:12  Marauder  
  55  6:20  Orbital Command  
  55  6:24  Supply Depot  
  55  6:35  Marine x2  
  55  6:37  Marine x2  
  59  6:46  Supply Depot  
  59  6:49  Siege Tank  
  59  6:50  Medivac  
  59  6:51  Medivac  
  60  8:04  SCV  
  61  8:16  SCV  
  61  8:17  Marine x2  
  61  8:18  Marine x2  
  66  8:22  Siege Tank  
  66  8:23  Medivac  
  71  8:35  Supply Depot, Marine x3  
  71  8:36  Marine  
  70  8:48  Missile Turret  
  70  8:53  Marine x3  
  70  8:54  Siege Tank  
  76  8:59  Missile Turret  
  64  9:30  Marine x2  
  64  9:31  Marine x2  
  68  9:48  Marine  
  61  10:07  Marine  
  61  10:08  Marine x3  
  65  10:17  Missile Turret x2  
  65  10:20  Missile Turret  
  65  10:25  SCV x2, Marine x2  
  63  10:37  SCV  
  61  10:49  SCV  
Tags
 
Add a new tag
Caveats
  • Supply blocks, unpowered buildings, or Contaminate may cause inaccurate times.
  • Supply counts are checked every 10 seconds.